cohdb
Replays
Latest Replays
All Replays
Popular Replays
Top Player Replays
Match Explorer
How It Works
Community
CoH3 Stats
Reddit
Sign in to upload your games and track your stats! →
Sign in with Steam
Match 43096045
Unlisted
Match 43096045
Overview
Messages
Build Orders
End
Construct Barracks
Riflemen Squad
M1 Mortar Team
Riflemen Squad
Construct Weapon Support Center
M1919 Machine Gun Team
Construct Medical Station
Infantry Support Center
M3 Armored Personnel Carrier
Selects Heavy Weapons
Selects Assault Carriers
Selects Exchangeable Parts
Riflemen Squad
Engineer Squad
M1918 Browning Automatic Rifles
Grenade Package
Advanced Logistics
Survival Training
M3 Assault Carrier
Axis For Braindeads
Barbarossa
Jarkke
Setti-Veke
0
0
Comments
sign in to comment!
No comments posted yet!